 Dungeon Crawl Stone Soup version 0.30-a0-721-ga6a225cb13 (webtiles) character file.

Game seed: 12221077958112305131

450861 Ijustatesigmund the Archmage (level 23, -7/131 HPs)
             Began as a Deep Elf Conjurer on Jan 26, 2023.
             Was the Champion of Vehumet.
             Mangled by a rockslime (20 damage)
             ... on level 5 of the Pits of Slime on Jan 27, 2023.
             The game lasted 04:28:32 (64942 turns).

Ijustatesigmund the Archmage (Deep Elf Conjurer)   Turns: 64942, Time: 04:28:32

Health: -7/131     AC:  7    Str:  9    XL:     23   Next: 19%
Magic:  62/62      EV: 21    Int: 48    God:    Vehumet [******]
Gold:   2600       SH: 10    Dex: 19    Spells: 6/76 levels left

rFire   + . .      SeeInvis .    f - +6 Majin-Bo {spellvamp, MP+6 Int+6}
rCold   . . .      Faith    .    s - +3 buckler {rPois}
rNeg    + . .      Spirit   .    U - +3 leather armour of Jinoaxuu {rCorr Int+3}
rPois   +          Reflect  .    P - +0 hat of the Well-Known Knives {+Inv rN+ Regen+ Dex+3}
rElec   .          Harm     .    x - +1 cloak
rCorr   +          Rampage  .    E - +2 pair of gloves {Str+3}
Will    ++...                    B - +2 pair of boots
Stlth   +++                      j - amulet of magic regeneration
HPRegen 1.21/turn                N - +5 ring of evasion
MPRegen 0.78/turn                k - ring "Ykkon" {rF+ Int+6 Dex+3}

@: about to teleport, corroded
A: no striking features
}: 2/15 runes: decaying, serpentine
a: Renounce Religion, Evoke Invisibility


You were on level 5 of the Pits of Slime.
You worshipped Vehumet.
Vehumet was exalted by your worship.
You visited 10 branches of the dungeon, and saw 46 of its levels.
You visited 1 bazaar.
You also visited: Gauntlet and Ice Cave.

You collected 6290 gold pieces.
You spent 3690 gold pieces at shops.

Inventory:

Hand Weapons
 f - the +6 Majin-Bo (weapon) {spellvamp, MP+6 Int+6}
   (You took it off a deep elf sorcerer on level 3 of the Elven Halls)

   Int:       It affects your intelligence (+6).
   MP:        It affects your magic capacity (+6).
 V - the +9 short sword of the Mordant God {flame, rF++ Dex+3}
   (You bought it in a shop on level 12 of the Dungeon)

   Dex:       It affects your dexterity (+3).
   rF:        It greatly protects you from fire.
Armour
 s - a +3 buckler of poison resistance (worn)
 x - a +1 cloak (worn)
 y - the +4 leather armour of Indemnity {rElec Dex+4}
   (You bought it in a shop in a bazaar)

   Dex:       It affects your dexterity (+4).
   rElec:     It insulates you from electricity.
 B - a +2 pair of boots (worn)
 E - a +2 pair of gloves of strength (worn)
 P - the +0 hat of the Well-Known Knives (worn) {+Inv rN+ Regen+ Dex+3}
   (You found it in a Gauntlet)

   Dex:       It affects your dexterity (+3).
   rN:        It protects you from negative energy.
   +Inv:      It lets you turn invisible.
   Regen:     It increases your rate of health regeneration.
 U - the +3 leather armour of Jinoaxuu (worn) {rCorr Int+3}
   (You found it on level 11 of the Dungeon)

   Int:       It affects your intelligence (+3).
   rCorr:     It protects you from acid and corrosion.
Magical Staves
 g - a staff of conjuration
 X - a staff of fire
Jewellery
 j - an amulet of magic regeneration (around neck)
 k - the ring "Ykkon" (right hand) {rF+ Int+6 Dex+3}
   (You acquired it in a bazaar)

   [ring of intelligence]

   Int:       It affects your intelligence (+6).
   Dex:       It affects your dexterity (+3).
   rF:        It protects you from fire.
 l - the ring "Yfanom" {*Corrode rElec rPois rN+ Str+2 Int+5}
   (You took it off a deep elf annihilator on level 3 of the Elven Halls)

   [ring of positive energy]

   Str:       It affects your strength (+2).
   Int:       It affects your intelligence (+5).
   rElec:     It insulates you from electricity.
   rPois:     It protects you from poison.
   rN:        It protects you from negative energy.
   *Corrode:  It may corrode you when you take damage.
 H - a +4 ring of protection
 I - the macabre finger necklace {Finger+ rN+}
   (You took it off a deep elf death mage on level 3 of the Elven Halls)

   [amulet of nothing]

   Finger+:   It enables you to equip an extra ring.
   rN:        It protects you from negative energy.
 N - a +5 ring of evasion (left hand)
 Q - a ring of protection from cold
Wands
 t - a wand of charming (46)
 A - a wand of iceblast (15)
 C - a wand of mindburst (26)
 D - a wand of flame (94)
 J - a wand of quicksilver (7)
 T - a wand of digging (21)
Scrolls
 a - 5 scrolls of immolation
 e - 6 scrolls of poison
 h - 7 scrolls of silence
 o - 3 scrolls of magic mapping
 q - 19 scrolls of teleportation
 r - 33 scrolls of identify
 R - 9 scrolls of fear
 W - 4 scrolls of fog
 Y - a scroll of amnesia
Potions
 b - 9 potions of magic
 c - 8 potions of attraction
 d - 7 potions of heal wounds
 i - 16 potions of curing
 m - 11 potions of might
 n - 2 potions of invisibility
 u - 4 potions of lignification
 v - 9 potions of flight
 z - 2 potions of berserk rage
 F - 3 potions of brilliance
 G - 8 potions of haste
 K - 5 potions of cancellation
 L - 4 potions of mutation
 S - a potion of ambrosia
 Z - 5 potions of resistance
Miscellaneous
 w - a phantom mirror
 M - a piece from Xom's chessboard (15/15)
 O - a condenser vane


   Skills:
 + Level 9.7 Fighting
 - Level 4.0 Staves
 - Level 4.9 Ranged Weapons
 - Level 4.4 Armour
 - Level 8.7 Dodging
 - Level 6.9 Stealth
 - Level 8.5 Shields
 O Level 27 Spellcasting
 + Level 18.8 Conjurations
 - Level 10.3 Summonings
 - Level 10.0 Necromancy
 - Level 10.0 Transmutations
 + Level 22.2 Fire Magic
 - Level 10.5 Ice Magic
 - Level 5.1 Air Magic
 - Level 4.1 Poison Magic
 - Level 7.7 Evocations


You had 6 spell levels left.
You knew the following spells:

 Your Spells              Type           Power      Damage    Failure   Level
a - Magic Dart            Conj           100%       1d8       0%          1
b - Dispel Undead         Necr           100%       3d31      1%          4
c - Lightning Bolt        Conj/Air       54%        1d76      1%          5
d - Spellforged Servitor  Conj/Summ      58%        N/A       1%          7
e - Fire Storm            Conj/Fire      66%        8d17      1%          9
f - Starburst             Conj/Fire      66%        6d17      0%          6
g - Ignition              Fire           67%        3d18      1%          8
h - Fireball              Conj/Fire      66%        3d25      0%          5
i - Orb of Destruction    Conj           64%        9d15      1%          7
j - Freezing Cloud        Conj/Ice/Air   54%        6-21      1%          5
k - Apportation           Tloc           100%       N/A       1%          1
l - Irradiate             Conj/Tmut      58%        3d31      0%          5
m - Ozocubu's Refrigerat  Ice            52%        4d19      1%          7

Your spell library contained the following spells:

 Spells                   Type           Power      Damage    Failure   Level
 Maxwell's Capacitive Co  Air            42%        ∞         50%         8
 Polar Vortex             Ice            52%        N/A       67%         9
 Foxfire                  Conj/Fire      100%       2x1d9     0%          1
 Freeze                   Ice            100%       1d10      0%          1
 Kiss of Death            Conj/Necr      100%       2d13      0%          1
 Necrotise                Necr           100%       1d9       0%          1
 Shock                    Conj/Air       100%       1d9       0%          1
 Sting                    Tmut/Pois      100%       1d8       0%          1
 Summon Small Mammal      Summ           100%       N/A       0%          1
 Momentum Strike          Conj/Tloc      100%       3d10      0%          2
 Scorch                   Fire           100%       2d10      0%          2
 Searing Ray              Conj           100%       2d8       0%          2
 Static Discharge         Conj/Air       100%       2-7/arc   0%          2
 Call Canine Familiar     Summ           100%       N/A       0%          3
 Dazzling Flash           Conj/Hex       100%       N/A       0%          3
 Ignite Poison            Fire/Tmut/Pois 100%       N/A       0%          3
 Kindle Blastsparks       Fire/Tloc/Air  100%       2d18      0%          3
 Mephitic Cloud           Conj/Pois/Air  100%       N/A       0%          3
 Vampiric Draining        Necr           100%       2d13      0%          3
 Flame Wave               Conj/Fire      100%       2d21      0%          4
 Sticky Flame             Conj/Fire      100%       2d11      0%          4
 Iskenderun's Battlesphe  Conj           100%       2d15      0%          5
 Blink                    Tloc           100%       N/A       1%          2
 Cigotuvi's Dreadful Rot  Necr/Pois/Air  100%       N/A       1%          2
 Ensorcelled Hibernation  Hex/Ice        100%       N/A       1%          2
 Lesser Beckoning         Tloc           100%       N/A       1%          2
 Poisonous Vapours        Pois/Air       100%       N/A       1%          2
 Confusing Touch          Hex            59%        N/A       1%          3
 Portal Projectile        Hex/Tloc       100%       N/A       1%          3
 Spider Form              Tmut/Pois      93%        N/A       1%          3
 Summon Guardian Golem    Hex/Summ       85%        N/A       1%          3
 Swiftness                Air            85%        N/A       1%          3
 Tukima's Dance           Hex            59%        N/A       1%          3
 Vhi's Electric Charge    Tloc/Air       100%       N/A       1%          3
 Airstrike                Air            42%        2d(7-23)  1%          4
 Anguish                  Hex/Necr       42%        N/A       1%          4
 Fulminant Prism          Conj/Hex       50%        3d22      1%          4
 Iskenderun's Mystic Bla  Conj/Tloc      100%       2d19      1%          4
 Olgreb's Toxic Radiance  Pois           81%        N/A       1%          4
 Petrify                  Tmut/Erth      85%        N/A       1%          4
 Summon Ice Beast         Ice/Summ       100%       N/A       1%          4
 Agony                    Necr           100%       N/A       1%          5
 Alistair's Intoxication  Tmut/Pois      62%        N/A       1%          5
 Arcjolt                  Conj/Air       54%        1d64      1%          5
 Blade Hands              Tmut           51%        N/A       1%          5
 Metabolic Englaciation   Hex/Ice        43%        N/A       1%          5
 Summon Forest            Summ/Tloc      42%        N/A       1%          5
 Summon Mana Viper        Hex/Summ       85%        N/A       1%          5
 Conjure Ball Lightning   Conj/Air       54%        3x3d20    1%          6
 Death Channel            Necr           51%        N/A       1%          6
 Eringya's Noxious Bog    Tmut/Pois      46%        N/A       1%          6
 Summon Cactus Giant      Summ           52%        N/A       1%          6
 Cause Fear               Hex            29%        N/A       3%          4
 Leda's Liquefaction      Hex/Erth       29%        N/A       3%          4
 Passage of Golubria      Tloc           59%        N/A       3%          4
 Silence                  Hex/Air        36%        N/A       3%          5
 Statue Form              Tmut/Erth      56%        N/A       6%          6
 Dragon Form              Tmut           51%        N/A       4%          7
 Haunt                    Necr/Summ      52%        N/A       4%          7
 Lehudib's Crystal Spear  Conj/Erth      50%        10d12     11%         8
 Summon Horrible Things   Summ           52%        N/A       28%         8
 Malign Gateway           Summ/Tloc      42%        N/A       30%         7
 Enfeeble                 Hex            29%        N/A       94%         7
 Dragon's Call            Summ           52%        N/A       99%         9


Dungeon Overview and Level Annotations

Branches:
Dungeon (15/15)            Temple (1/1) D:5            Lair (5/5) D:8
  Swamp (4/4) Lair:2        Snake (4/4) Lair:2        Slime (5/5) Lair:5
    Orc (2/2) D:11            Elf (3/3) Orc:2        Vaults (4/5) D:14
  Crypt (0/3) Vaults:3     Depths (3/4) D:15          IceCv (visited)
Gauntlet (visited)

Altars:
Ashenzari
Cheibriados
Dithmenos
Elyvilon
Fedhas
Gozag
Hepliaklqana
Kikubaaqudgha
Makhleb
Nemelex Xobeh
Okawaru
Qazlal
Ru
Sif Muna
Trog
Uskayaw
Vehumet
Wu Jian
Xom
Yredelemnul
Zin
The Shining One
Jiyva

Shops:
D:11 *   D:12 ([[   D:13 (   Orc:1 !   Orc:2 ([!*   Elf:1 =::   Elf:2 [
Snake:2 ([!*(

Portals:
Hell: Depths:1 Depths:2
Pandemonium: Depths:2
Ziggurat: Depths:1

Annotations:
Slime:5 Royal Jelly


Message History

Vehumet accepts your kill.
You start resting.
Something hits your fire vortex.
You climb upwards.
Your summoned ally is left behind.
There is a stone staircase leading down here.
You start resting.
Your magical contamination has completely faded away.
You start resting.
You are no longer corroded.
You start resting.
Magic restored.
You climb downwards.
The rockslime quivers.
An acid blob comes into view.
A rockslime comes into view.
The rockslime closely misses you. The slime creature hits you!
A slime creature comes into view.
The rockslime misses you. The slime creature misses you.
The rockslime quivers.
The acid blob quivers.
There is a stone staircase leading up, spattered with blood here.
The rockslime hits you!!!
You stumble backwards!
You stop ascending the stairs.
A great orb of eyes comes into view.
As you read the scroll of teleportation, it crumbles to dust.
You feel strangely unstable.
A quicksilver ooze comes into view.
The rockslime hits you!!
You stumble backwards!
The rockslime hits you!
* * * LOW HITPOINT WARNING * * *
You stumble backwards!
You feel much better. The rockslime hits you!!
* * * LOW HITPOINT WARNING * * *
You stumble backwards!
The rockslime hits you.
* * * LOW HITPOINT WARNING * * *
You stumble backwards!
You feel much better. The rockslime hits you!!!
* * * LOW HITPOINT WARNING * * *
You hold your ground!
The rockslime barely misses you.
Okay, then.
You feel much better. The rockslime hits you!
You hold your ground!
The rockslime hits you!!
* * * LOW HITPOINT WARNING * * *
You hold your ground!
The rockslime hits you!!
You die...

## #####.####
#.#..#...####
###..........#
##.##.@JJ........#
#.....JJ..<.......
........J..........
..........J........
.........J...J.....
............J......
.......G...........
...................
..................


You could see the Royal Jelly, an acid blob, a great orb of eyes, 2 slime
creatures, 4 rockslimes and a quicksilver ooze.

Vanquished Creatures
  Mara (Vaults:3)
  Margery (Vaults:3)
  3 caustic shrikes (Depths:3)
  Vashnia (Snake:2)
  2 golden dragons
  Nikola (Lair:2)
  Mlioglotl (Snake:1)
  An Ice Fiend (IceCv)
  4 tentacled monstrosities
  2 liches (Depths:2)
  A walking earthen tome (Depths:2)
  2 quicksilver dragons (Snake:4)
  A deep elf blademaster (Elf:3)
  The ghost of Syrassil the Carver, an adept HuMo of Dithmenos (Swamp:4)
  9 acid blobs
  Gastronok (Lair:3)
  A storm dragon (Depths:3)
  6 sphinxes
  Agnes (Elf:1)
  Kirke (Swamp:2)
  A tengu reaver (Depths:3)
  4 nagarajas
  4 rockslimes
  A thorn hunter (Swamp:4)
  3 fenstrider witches (Swamp:4)
  A fire giant (Depths:2)
  3 frost giants
  10 azure jellies
  A ghoul (Swamp:4)
  4 deep elf sorcerers (Elf:3)
  7 deep elf elementalists (Elf:3)
  10 ironbound preservers
  16 vault wardens
  A balrug (Depths:1)
  2 spriggan defenders (Elf:2)
  8 quicksilver oozes
  2 orc warlords (Orc:1)
  25 very ugly things
  2 ironbound thunderhulks
  5 stone giants
  7 deep elf demonologists
  A minotaur (Gauntlet)
  A vampire knight (Depths:2)
  5 eleionomae
  Nessos (Lair:3)
  4 bunyips
  7 dire elephants
  7 deep elf annihilators (Elf:3)
  2 blizzard demons
  3 deep elf death magi
  4 deep elf high priests
  7 ettins
  2 fire dragons
  Josephine (D:13)
  2 crystal guardians (Vaults:3)
  2 entropy weavers
  4 shambling mangroves
  6 yaktaur captains
  3 salamander tyrants
  The ghost of 0netwelve the Severer, a journeyman HOMo of the Shining One (Orc:2)
  5 great orbs of eyes
  6 ice dragons
  12 vault guards
  Fannar (D:12)
  2 spriggan air magi (Depths:1)
  A hell beast (Depths:1)
  A ghost crab (Gauntlet)
  5 ogre magi
  7 hydras
  A merfolk avatar (Lair:5)
  A quicksilver dragon skeleton (Depths:2)
  3 rakshasas
  A peacekeeper (Vaults:3)
  2 two-headed ogres
  13 dancing weapons
  7 anacondas
  4 boulder beetles
  11 centaur warriors
  A catoblepas (Lair:1)
  9 naga warriors
  9 alligators
  8 naga sharpshooters
  2 deep troll shamans
  A deep troll earth mage (Depths:1)
  3 tengu warriors
  3 orc high priests (Orc:2)
  6 shock serpents
  A vampire mage (D:15)
  A hell hog (Depths:2)
  A spriggan berserker (Swamp:4)
  5 deep elf knights (Elf:2)
  3 sun demons (Depths:2)
  A hell knight (Vaults:3)
  5 soul eaters
  A storm dragon skeleton (D:15)
  2 salamander mystics
  2 skeletal warriors (D:15)
  An iron troll (Depths:1)
  A sixfirhy (Swamp:4)
  7 spriggan druids
  2 goliath frogs (Swamp:1)
  A glowing orange brain (Depths:1)
  7 swamp dragons
  3 sea snakes
  3 flayed ghosts
  2 bog bodies
  8 lindwurms
  37 deep trolls
  An obsidian statue (IceCv)
  3 phantasmal warriors
  10 spriggan simulacra (IceCv)
  12 deep elf archers
  9 orc knights
  31 deep elf zephyrmancers
  4 naga ritualists
  10 wizards
  3 necromancers
  36 ugly things
  12 ironbound convokers
  29 deep elf pyromancers
  4 cyclopes
  11 mana vipers
  6 manticores
  An iron dragon zombie (Depths:2)
  3 shining eyes (Slime:5)
  10 salamanders
  6 orc sorcerers
  4 will-o-the-wisps
  25 black mambas
  6 guardian serpents (Snake:4)
  17 elephants
  An ice statue (Gauntlet)
  9 vault sentinels
  A fire giant skeleton (Depths:2)
  A torpor snail (Lair:5)
  A black mamba (shapeshifter) (D:15)
  An eye of devastation (Slime:4)
  4 smoke demons (Depths:2)
  14 cane toads
  A gargoyle (D:12)
  8 naga magi
  3 unseen horrors
  A spriggan zombie (D:15)
  11 komodo dragons
  2 anaconda simulacra (IceCv)
  8 ice devils (IceCv)
  A komodo dragon (shapeshifter) (D:14)
  38 yaktaurs
  5 rime drakes
  4 freezing wraiths
  A tengu conjurer (Depths:2)
  An efreet (D:14)
  A golden dragon simulacrum (IceCv)
  4 bloated husks
  6 meliai (D:15)
  2 polar bears
  8 trolls
  6 tyrant leeches
  17 hornets
  A wind drake (Lair:5)
  A tarantella (Lair:1)
  102 slime creatures
  Prince Ribbit (D:6)
  12 blink frogs
  A raiju (shapeshifter) (D:13)
  A snapping turtle (Lair:5)
  An ettin zombie (D:15)
  3 jumping spiders (Lair:1)
  Sigmund (D:2)
  A centaur simulacrum (D:14)
  15 spriggans
  An ettin skeleton (D:15)
  3 shadows
  3 wyverns
  2 water elementals (D:12)
  41 yaks
  3 dire elephant simulacra (IceCv)
  10 wraiths
  A hog (Swamp:2)
  3 air elementals
  A chaos spawn (Swamp:4)
  A fire elemental (Elf:3)
  16 golden eyes
  3 steam dragons
  6 vampire mosquitoes
  8 basilisks
  10 wargs
  Menkaure (D:6)
  7 minotaur simulacra (IceCv)
  14 swamp worms
  3 harpy simulacra (IceCv)
  A hydra simulacrum (IceCv)
  4 acid dragons
  21 nagas
  10 water moccasins
  42 orc warriors
  A swamp drake (Swamp:1)
  4 sky beasts
  3 ice beasts
  An ettin simulacrum (IceCv)
  4 boggarts (Vaults:3)
  6 ogres
  17 wolves
  6 centaurs
  2 phantoms (D:6)
  4 kobold brigands
  19 bullfrogs
  2 gnoll sergeants (D:6)
  4 scorpions
  10 deep troll simulacra (IceCv)
  4 necrophages
  An earth elemental (Elf:2)
  8 wights
  A lindwurm simulacrum (IceCv)
  6 killer bees (D:8)
  3 electric eels (D:12)
  5 howler monkeys
  5 jellies
  3 lava snakes (Lair:1)
  24 orc priests
  3 gnoll boudas
  4 hounds
  6 iguanas
  23 orc wizards
  4 hell rats (Lair:5)
  9 adders
  26 gnolls
  A white imp (D:5)
  An ufetubus (D:4)
  2 worms
  4 dart slugs
  87 orcs
  15 endoplasms
  5 giant cockroaches
  3 goblins
  A hobgoblin (D:2)
  2 jackals (D:5)
  7 quokkas
  A ball python (D:4)
  4 bats
  6 frilled lizards
  24 kobolds
  2 rats (D:1)
  20 fire vortices
1611 creatures vanquished.

Vanquished Creatures (collateral kills)
  A juggernaut (Depths:3)
  A golden dragon (Vaults:2)
  2 tentacled monstrosities
  3 sphinxes
  4 acid blobs
  Aizul (Snake:1)
  A fire giant (Vaults:4)
  Louise (Swamp:3)
  4 ironbound preservers
  A ghoul (Swamp:4)
  2 very ugly things (Vaults:4)
  3 ironbound thunderhulks
  An eleionoma (Swamp:3)
  A vampire knight (Vaults:3)
  3 stone giants
  3 dire elephants
  A bunyip (Swamp:4)
  A green death (Swamp:4)
  A crystal guardian (Vaults:3)
  A deep elf high priest (Elf:3)
  A fire dragon (Depths:2)
  An entropy weaver (Vaults:2)
  A great orb of eyes (Slime:5)
  A jiangshi (Vaults:3)
  A yaktaur captain (Vaults:3)
  A peacekeeper (Vaults:3)
  4 salamander tyrants
  2 vault guards (Vaults:1)
  A centaur warrior (Vaults:3)
  A hydra (Swamp:4)
  A boulder beetle (Lair:1)
  4 anacondas
  2 naga warriors
  17 dancing weapons
  2 alligators
  2 soul eaters (Swamp:4)
  6 deep elf knights
  4 naga sharpshooters
  2 shock serpents
  6 hell knights
  A spark wasp zombie (Depths:2)
  2 deep trolls (Vaults:1)
  2 wizards
  A deep elf archer (Elf:3)
  9 lindwurms
  5 ironbound convokers
  5 mana vipers
  A necromancer (Depths:3)
  A deep elf zephyrmancer (Elf:2)
  8 ugly things
  6 salamanders
  7 black mambas
  2 guardian serpents
  10 vault sentinels
  A hellion (Depths:2)
  3 yaktaurs
  A freezing wraith (Vaults:2)
  A hornet (Swamp:4)
  2 spriggans (Swamp:4)
  12 slime creatures
  A chaos spawn (Swamp:4)
  A golden eye (Slime:2)
  5 nagas
  A boggart (Vaults:3)
  2 electric eels (D:9)
  A gnoll (D:6)
  A fire vortex (Slime:5)
188 creatures vanquished.

Vanquished Creatures (others)
  A deep elf zephyrmancer (Elf:3)
  An ugly thing (Vaults:3)
  2 yaktaurs
  A wyvern (Lair:5)
  2 humans (Swamp:2)
  A chaos spawn (Swamp:4)
  A gnoll (D:6)
  102 fire vortices
  2 foxfires (Swamp:1)
  60 fungi
  88 plants
  7 withered plants (D:15)
268 creatures vanquished.

Grand Total: 2067 creatures vanquished

Notes
Turn   | Place    | Note
-------+----------+-------------------------------------------
     0 | D:1      | Ijustatesigmund the Deep Elf Conjurer began the quest for
                  | the Orb.
     0 | D:1      | Reached XP level 1. HP: 10/10 MP: 6/6
    59 | D:1      | You fall into a shaft and drop 1 floor!
   524 | D:1      | Reached XP level 2. HP: 15/15 MP: 6/8
   595 | D:1      | Learned a level 2 spell: Searing Ray
   813 | D:1      | Found a faded altar of an unknown god.
  1230 | D:2      | Reached skill level 4 in Spellcasting
  1234 | D:2      | Reached skill level 5 in Conjurations
  1242 | D:2      | Reached XP level 3. HP: 19/19 MP: 8/10
  1351 | D:2      | Noticed Sigmund
  2117 | D:3      | Reached XP level 4. HP: 24/24 MP: 10/12
  2507 | D:4      | Reached skill level 5 in Spellcasting
  2948 | D:4      | Reached XP level 5. HP: 28/28 MP: 12/14
  3158 | D:4      | Reached skill level 6 in Spellcasting
  3403 | D:5      | Entered Level 5 of the Dungeon
  3683 | D:5      | Reached XP level 6. HP: 9/32 MP: 10/17
  3954 | D:5      | Found a staircase to the Ecumenical Temple.
  4048 | Temple   | Entered the Ecumenical Temple
  4194 | Temple   | Became a worshipper of Vehumet
  4401 | D:5      | Learned a level 5 spell: Lightning Bolt
  4425 | D:5      | Reached skill level 1 in Fighting
  4587 | D:5      | Reached skill level 7 in Spellcasting
  4647 | D:5      | Reached XP level 7. HP: 38/38 MP: 17/19
  5154 | D:6      | Identified the +5 mace "Astrefon" {flame, rN+}
  5228 | D:6      | Noticed Menkaure
  5272 | D:7      | Reached skill level 8 in Spellcasting
  5535 | D:6      | Killed Menkaure
  5536 | D:6      | Reached skill level 1 in Ranged Weapons
  5650 | D:6      | Reached XP level 8. HP: 45/45 MP: 18/22
  5678 | D:6      | Reached * piety under Vehumet
  5678 | D:6      | Offered knowledge of Freeze by Vehumet.
  6008 | D:6      | Noticed Prince Ribbit
  6017 | D:6      | Killed Prince Ribbit
  6211 | D:6      | Reached skill level 9 in Spellcasting
  6211 | D:6      | Reached skill level 1 in Evocations
  6901 | D:6      | Reached XP level 9. HP: 49/49 MP: 17/24
  7169 | D:6      | Found a shadowy altar of Dithmenos.
  7172 | D:6      | Found a glowing golden altar of the Shining One.
  7175 | D:6      | Found a white marble altar of Elyvilon.
  7600 | D:7      | Reached skill level 10 in Spellcasting
  7618 | D:7      | Reached skill level 1 in Air Magic
  8949 | D:8      | Noticed a two-headed ogre
  9178 | D:8      | Reached ** piety under Vehumet
  9179 | D:8      | Offered knowledge of Sandblast by Vehumet.
  9180 | D:8      | Reached skill level 11 in Spellcasting
  9259 | D:8      | Killed a two-headed ogre
  9260 | D:8      | Reached skill level 10 in Conjurations
  9525 | D:8      | Reached XP level 10. HP: 54/54 MP: 23/27
 10348 | D:8      | Offered knowledge of Poisonous Vapours by Vehumet.
 10358 | D:8      | Reached skill level 5 in Air Magic
 10367 | D:8      | Learned a level 2 spell: Poisonous Vapours
 10394 | D:8      | Reached skill level 12 in Spellcasting
 10424 | D:8      | Reached *** piety under Vehumet
 10455 | D:8      | Reached skill level 1 in Poison Magic
 10466 | D:8      | Found a staircase to the Lair.
 11281 | D:9      | Offered knowledge of Flame Wave by Vehumet.
 11814 | D:9      | Noticed a two-headed ogre
 11817 | D:9      | Killed a two-headed ogre
 11896 | D:9      | Reached skill level 13 in Spellcasting
 11937 | D:9      | Learned a level 4 spell: Flame Wave
 12124 | D:10     | Entered Level 10 of the Dungeon
 12208 | D:10     | Reached XP level 11. HP: 50/60 MP: 23/30
 12480 | D:10     | Found a shimmering altar of Xom.
 12483 | D:10     | Found a blossoming altar of Fedhas.
 12645 | D:10     | Reached skill level 1 in Fire Magic
 12928 | D:11     | Learned a level 6 spell: Starburst
 12947 | D:11     | Found Estre's CLEARANCE SALE!.
 12951 | D:11     | Reached **** piety under Vehumet
 13076 | D:11     | Offered knowledge of Sticky Flame by Vehumet.
 13084 | D:11     | Learned a level 4 spell: Sticky Flame
 13107 | D:11     | Found a gate leading to a gauntlet.
 13113 | Gauntlet | Entered a Gauntlet
 13113 | Gauntlet | Noticed a sixfirhy
 13113 | Gauntlet | Found a transporter.
 13113 | Gauntlet | Found a transporter.
 13113 | Gauntlet | Found a transporter.
 13120 | Gauntlet | Learned a level 5 spell: Fireball
 13120 | Gauntlet | Found a transporter.
 13142 | Gauntlet | Found a transporter.
 13152 | Gauntlet | Found a transporter.
 13156 | Gauntlet | Found a transporter.
 13163 | Gauntlet | Noticed a ghost crab
 13168 | Gauntlet | Found a transporter.
 13230 | Gauntlet | Noticed a lindwurm
 13235 | Gauntlet | Noticed a fire crab
 13244 | Gauntlet | Found a transporter.
 13244 | Gauntlet | Found a transporter.
 13246 | Gauntlet | Found a large runed translucent door.
 13247 | Gauntlet | Found a large runed translucent door.
 13248 | Gauntlet | Found a large runed translucent door.
 13248 | Gauntlet | Found a large runed translucent door.
 13248 | Gauntlet | Found a runed translucent door.
 13249 | Gauntlet | Found a runed translucent door.
 13249 | Gauntlet | Found a large runed translucent door.
 13250 | Gauntlet | Found a large runed translucent door.
 13250 | Gauntlet | Found a large runed translucent door.
 13250 | Gauntlet | Found a large runed translucent door.
 13250 | Gauntlet | Found a large runed translucent door.
 13250 | Gauntlet | Found a large runed translucent door.
 13251 | Gauntlet | Found a large runed translucent door.
 13251 | Gauntlet | Found a large runed translucent door.
 13252 | Gauntlet | Found a runed translucent gate.
 13252 | Gauntlet | Found a runed translucent gate.
 13252 | Gauntlet | Found a runed translucent gate.
 13253 | Gauntlet | Noticed a cacodemon
 13254 | Gauntlet | Found a transporter.
 13254 | Gauntlet | a lindwurm changed into a yaktaur
 13265 | Gauntlet | Found a large runed translucent door.
 13266 | Gauntlet | Found a large runed translucent door.
 13276 | Gauntlet | Found a large runed translucent door.
 13276 | Gauntlet | Found a large runed translucent door.
 13294 | Gauntlet | Found a transporter.
 13342 | Gauntlet | Reached skill level 1 in Armour
 13574 | Gauntlet | Learned a level 7 spell: Orb of Destruction
 13585 | Gauntlet | Killed a ghost crab
 13609 | Gauntlet | Identified the +0 hat of the Well-Known Knives {+Inv rN+
                  | Regen+ Dex+3}
 13635 | Gauntlet | Noticed a minotaur
 13641 | Gauntlet | Killed a minotaur
 13642 | Gauntlet | Reached skill level 5 in Fire Magic
 13787 | D:11     | Found a staircase to the Orcish Mines.
 14294 | D:11     | Identified the +3 leather armour of Jinoaxuu {rCorr Int+3}
 14433 | D:12     | Found Udwahuw's Antique Weapon Shoppe.
 14438 | D:12     | Noticed Fannar
 14472 | D:12     | Killed Fannar
 14473 | D:12     | Reached skill level 14 in Spellcasting
 14488 | D:12     | Bought a crystal short sword for 280 gold pieces
 14488 | D:12     | Identified the +9 short sword of the Mordant God {flame,
                  | rF++ Dex+3} (You bought it in a shop on level 12 of the
                  | Dungeon)
 14684 | D:12     | Noticed a boulder beetle
 14686 | D:12     | Noticed a cyan ugly thing
 14688 | D:12     | Killed a boulder beetle
 14691 | D:12     | Killed a cyan ugly thing
 14692 | D:12     | Reached XP level 12. HP: 68/68 MP: 14/32
 15004 | D:12     | Found Fucraon's Antique Armour Emporium.
 15074 | D:12     | Found Leoqekud's Armour Shoppe.
 15225 | D:12     | Reached skill level 5 in Fighting
 15391 | D:12     | Identified the +6 rapier of the Sneaky Deaths {speed,
                  | *Noise Fragile +Blink SInv}
 16045 | D:13     | Identified the +5 glaive "Daoptug" {heavy, rN+}
 16086 | D:13     | Reached skill level 15 in Spellcasting
 16096 | D:13     | Noticed Josephine
 16103 | D:13     | Killed Josephine
 16590 | D:13     | Noticed a boulder beetle
 16594 | D:13     | Killed a boulder beetle
 16769 | D:13     | Found Yluozari's Weapon Shop.
 17507 | D:14     | Noticed a boulder beetle
 17511 | D:14     | Killed a boulder beetle
 17512 | D:14     | Reached skill level 16 in Spellcasting
 17693 | D:14     | Noticed a centaur warrior
 17701 | D:14     | Killed a centaur warrior
 17715 | D:14     | Reached skill level 10 in Fire Magic
 17837 | D:14     | Reached XP level 13. HP: 74/74 MP: 23/35
 18014 | D:14     | Found a gate to the Vaults.
 18021 | D:14     | Reached skill level 17 in Spellcasting
 18366 | D:14     | Found a white marble altar of Elyvilon.
 18909 | D:2      | Killed Sigmund
 19238 | Lair:1   | Entered Level 1 of the Lair of Beasts
 19492 | Lair:1   | Reached skill level 18 in Spellcasting
 20014 | Lair:1   | Found a runed translucent door.
 20039 | Lair:1   | Found a runed translucent gate.
 20040 | Lair:1   | Identified the +9 whip "Grim" {drain, *Rage Will+++ Dex+7}
 20041 | Lair:1   | Found a runed translucent gate.
 20044 | Lair:1   | Found a runed translucent gate.
 20044 | Lair:1   | Found a runed translucent gate.
 20044 | Lair:1   | Found a runed translucent gate.
 20045 | Lair:1   | Found a runed translucent gate.
 20069 | Lair:1   | Reached ***** piety under Vehumet
 20860 | Lair:2   | Offered knowledge of Freezing Cloud by Vehumet.
 20883 | Lair:2   | Learned a level 5 spell: Freezing Cloud
 20934 | Lair:2   | Reached skill level 1 in Ice Magic
 20959 | Lair:2   | Reached skill level 19 in Spellcasting
 21006 | Lair:2   | Found a staircase to the Snake Pit.
 21224 | Lair:2   | Reached XP level 14. HP: 80/80 MP: 37/39
 21705 | Lair:2   | Found a staircase to the Swamp.
 22395 | Lair:3   | Noticed Gastronok
 22431 | Lair:3   | Killed Gastronok
 22432 | Lair:3   | Reached skill level 5 in Ice Magic
 22521 | Lair:3   | Noticed Nessos
 22525 | Lair:3   | Killed Nessos
 23362 | Lair:4   | Reached skill level 20 in Spellcasting
 24128 | Lair:4   | Offered knowledge of Eringya's Noxious Bog by Vehumet.
 24135 | Lair:4   | Reached skill level 5 in Evocations
 24672 | Lair:5   | Entered Level 5 of the Lair of Beasts
 24804 | Lair:5   | Found a staircase to the Slime Pits.
 24805 | Lair:5   | Found a viscous altar of Jiyva.
 24808 | Lair:5   | Learned a level 1 spell: Apportation
 26307 | D:15     | Entered Level 15 of the Dungeon
 26359 | D:15     | Reached XP level 15. HP: 84/84 MP: 13/41
 26710 | D:15     | Found a staircase to the Depths.
 26762 | D:15     | Reached skill level 21 in Spellcasting
 26935 | D:15     | Offered knowledge of Irradiate by Vehumet.
 26996 | D:15     | Learned a level 5 spell: Irradiate
 27190 | D:15     | Identified the +3 scale mail of Dithmenos's Reproof {rC+}
 27267 | D:15     | Reached skill level 1 in Transmutations
 27762 | Orc:1    | Entered Level 1 of the Orcish Mines
 28186 | Orc:1    | Reached skill level 5 in Transmutations
 28189 | Orc:1    | Offered knowledge of Lee's Rapid Deconstruction by Vehumet.
 28894 | Orc:1    | Found Val Nasi's Distillery.
 28904 | Orc:1    | Bought a potion of brilliance for 72 gold pieces
 29210 | Orc:2    | Entered Level 2 of the Orcish Mines
 29879 | Orc:2    | Reached skill level 5 in Dodging
 30073 | Orc:2    | Offered knowledge of Ozocubu's Refrigeration by Vehumet.
 30082 | Orc:2    | Learned a level 7 spell: Ozocubu's Refrigeration
 30208 | Orc:2    | Found Cucwyut's Antique Weapon Shoppe.
 30208 | Orc:2    | Found Gaykaf's General Store.
 30210 | Orc:2    | Found Faathrauch's Antique Armour Shoppe.
 30210 | Orc:2    | Found Zibluges's Distillery.
 30220 | Orc:2    | Bought a potion of heal wounds for 75 gold pieces
 30220 | Orc:2    | Bought a potion of heal wounds for 75 gold pieces
 30290 | Orc:2    | Found a runed translucent door.
 30291 | Orc:2    | Noticed 0netwelve's ghost (journeyman HOMo)
 30495 | Orc:2    | Found a staircase to the Elven Halls.
 30506 | Orc:2    | Found a gateway to a bazaar.
 30603 | Bazaar   | Entered a bazaar
 30608 | Bazaar   | Found Vuhe's Weapon Emporium.
 30614 | Bazaar   | Found Menoewad's Book Boutique.
 30648 | Bazaar   | Found Kysuubbu's Magic Scroll Shoppe.
 30656 | Bazaar   | Bought a scroll of teleportation for 51 gold pieces
 30656 | Bazaar   | Found Jeodd's Antique Armour Boutique.
 30664 | Bazaar   | Bought a shiny buckler for 112 gold pieces
 30664 | Bazaar   | Bought a faintly glowing leather armour for 105 gold pieces
 30664 | Bazaar   | Identified the +4 leather armour of Indemnity {rElec Dex+4}
                  | (You bought it in a shop in a bazaar)
 30674 | Bazaar   | Bought a scroll of acquirement for 884 gold pieces
 30674 | Bazaar   | Acquired the ring "Ykkon" {rF+ Int+6 Dex+3}
 30703 | Bazaar   | Bought a book of Touch for 242 gold pieces
 30703 | Bazaar   | Bought a book of Spatial Translocations for 198 gold pieces
 30765 | Orc:2    | Killed 0netwelve's ghost
 30959 | Elf:1    | Entered Level 1 of the Elven Halls
 31132 | Elf:1    | Paralysed by an air elemental for 1 turns
 31833 | Elf:1    | Noticed Agnes
 31840 | Elf:1    | Killed Agnes
 31841 | Elf:1    | Reached skill level 10 in Ice Magic
 31931 | Elf:1    | Got Cidexig's Cyclopedia of the Throng
 32035 | Elf:1    | Reached skill level 22 in Spellcasting
 32035 | Elf:1    | Reached XP level 16. HP: 89/89 MP: 37/44
 32493 | Elf:1    | Found Rilinol's Jewellery Boutique.
 32494 | Elf:1    | Found Ufiaf's Book Shoppe.
 32494 | Elf:1    | Found Moshrup's Book Shoppe.
 32904 | Depths:1 | Entered Level 1 of the Depths
 32914 | Depths:1 | Reached skill level 1 in Shields
 32945 | Depths:1 | Identified the +2 ring mail "Semmiqab" {rF+ Will+ Int+4}
 33011 | Depths:1 | Offered knowledge of Yara's Violent Unravelling by Vehumet.
 33453 | Depths:1 | Reached skill level 5 in Shields
 33529 | Depths:1 | Noticed a bone dragon
 33688 | Depths:1 | Found a gateway to Hell.
 34003 | Depths:1 | Found a stormy altar of Qazlal.
 34079 | Depths:1 | Found a one-way gateway to a ziggurat.
 34506 | Depths:1 | Identified the +7 quarterstaff of Equivalence {vamp, MP+9
                  | Int+5}
 35122 | Swamp:1  | Entered Level 1 of the Swamp
 35138 | Swamp:1  | Identified the +9 short sword of Famine {holy, rC+ Dex+5}
 35353 | Swamp:1  | Noticed a tentacled monstrosity
 35362 | Swamp:1  | Killed a tentacled monstrosity
 36222 | Swamp:2  | Found a frozen archway.
 36232 | IceCv    | Entered an ice cave
 36245 | IceCv    | Offered knowledge of Spellforged Servitor by Vehumet.
 36264 | IceCv    | Learned a level 7 spell: Spellforged Servitor
 36340 | IceCv    | Reached skill level 1 in Summonings
 36340 | IceCv    | Reached XP level 17. HP: 96/96 MP: 2/45
 37384 | IceCv    | Reached skill level 5 in Summonings
 37599 | IceCv    | Noticed an Ice Fiend
 37605 | IceCv    | Killed an Ice Fiend
 37651 | IceCv    | Got Vonu's Spellbook of Chilblains
 37722 | Swamp:2  | Noticed Kirke
 37726 | Swamp:2  | Killed Kirke
 38552 | Swamp:3  | Noticed a tentacled monstrosity
 38557 | Swamp:3  | Killed a tentacled monstrosity
 38808 | Swamp:3  | Identified the +6 tower shield of Cowardice {Str+5 Dex+5}
 38808 | Swamp:3  | Noticed Louise
 38821 | Swamp:3  | Killed Louise
 38822 | Swamp:3  | Reached skill level 10 in Summonings
 39023 | Swamp:3  | Got the Essays on Hot Contaminants
 39411 | Swamp:4  | Entered Level 4 of the Swamp
 39841 | Swamp:4  | Reached ****** piety under Vehumet
 40000 | Swamp:4  | Offered knowledge of Polar Vortex by Vehumet.
 40000 | Swamp:4  | Offered knowledge of Ignition by Vehumet.
 40000 | Swamp:4  | Offered knowledge of Maxwell's Capacitive Coupling by
                  | Vehumet.
 40070 | Swamp:4  | Paralysed by a fenstrider witch for 3 turns
 40188 | Swamp:4  | Reached skill level 23 in Spellcasting
 40206 | Swamp:4  | Noticed a tentacled monstrosity
 40208 | Swamp:4  | Reached XP level 18. HP: 101/101 MP: 4/47
 40214 | Swamp:4  | Killed a tentacled monstrosity
 40328 | Swamp:4  | Found a runed translucent door.
 40335 | Swamp:4  | Noticed Syrassil's ghost (adept HuMo)
 40343 | Swamp:4  | Killed Syrassil's ghost
 40672 | Swamp:4  | Got a decaying rune of Zot
 41037 | Snake:1  | Entered Level 1 of the Snake Pit
 41037 | Snake:1  | Noticed Nikola
 41044 | Lair:2   | Killed Nikola
 41070 | Snake:1  | Noticed Mlioglotl
 41104 | Snake:1  | Killed Mlioglotl
 41419 | Snake:1  | Reached skill level 15 in Fire Magic
 41508 | Snake:1  | Noticed Aizul
 41520 | Snake:1  | Killed Aizul
 41898 | Snake:2  | Noticed Vashnia
 41899 | Snake:2  | Reached skill level 24 in Spellcasting
 41923 | Snake:2  | Killed Vashnia
 41963 | Snake:2  | Found Yteax's General Store.
 41970 | Snake:2  | Found Fiusautt's Distillery.
 41970 | Snake:2  | Found Liergh's Armour Boutique.
 41976 | Snake:2  | Bought a potion of heal wounds for 70 gold pieces
 41976 | Snake:2  | Found Luryfom's Weapon Boutique.
 41979 | Snake:2  | Bought a potion of heal wounds for 70 gold pieces
 41979 | Snake:2  | Bought a potion of haste for 140 gold pieces
 41979 | Snake:2  | Bought a potion of resistance for 140 gold pieces
 42556 | Snake:2  | Found Lehua's Weapon Boutique.
 42962 | Snake:3  | Identified the +2 robe "Aciuch Nuap" {Rampage Str+3 Int+3
                  | Dex-5}
 43086 | Snake:3  | Acquired 684 gold pieces
 43142 | Snake:4  | Entered Level 4 of the Snake Pit
 43208 | Snake:4  | Learned a level 4 spell: Dispel Undead
 43524 | Snake:4  | Reached skill level 25 in Spellcasting
 43625 | Snake:4  | Reached XP level 19. HP: 71/105 MP: 10/50
 44048 | Snake:4  | Reached skill level 1 in Necromancy
 44233 | Snake:4  | Got a serpentine rune of Zot
 44905 | Vaults:1 | Entered Level 1 of the Vaults
 44912 | Vaults:1 | Reached skill level 5 in Necromancy
 45930 | Vaults:1 | Reached skill level 10 in Necromancy
 46520 | Vaults:1 | Reached skill level 26 in Spellcasting
 47781 | Elf:1    | Bought Borotidd's Folio of Assembled Fulmination for 504
                  | gold pieces
 47781 | Elf:1    | Bought the Quarto of Toxins for 360 gold pieces
 47781 | Elf:1    | Bought Sif Muna's Annotations on the Elliptic Bonfire for
                  | 312 gold pieces
 47790 | Elf:1    | Learned a level 8 spell: Ignition
 48137 | Vaults:2 | Noticed a golden dragon
 48146 | Vaults:2 | Killed a golden dragon
 48155 | Vaults:2 | Reached skill level 27 in Spellcasting
 48158 | Vaults:2 | Reached XP level 20. HP: 83/111 MP: 6/53
 49351 | Vaults:3 | Noticed Mara
 49355 | Vaults:3 | Killed Mara
 49718 | Vaults:3 | Reached skill level 5 in Stealth
 50659 | Vaults:3 | Found a staircase to the Crypt.
 50838 | Vaults:3 | Noticed Margery
 50844 | Vaults:3 | Killed Margery
 51622 | Vaults:4 | Reached XP level 21. HP: 120/120 MP: 15/54
 52548 | Vaults:4 | Identified the +2 scale mail "Limoirunt" {Str+3 Dex+3}
 53894 | Elf:2    | Found a runed translucent gate.
 53894 | Elf:2    | Found a runed translucent gate.
 53894 | Elf:2    | Found a runed translucent gate.
 54356 | Elf:2    | Found Miak's Armour Shop.
 54410 | Elf:2    | Found the +8 demon blade "Leech" {evervamp, Harm Drain rN+}
 54656 | Elf:2    | Reached skill level 15 in Conjurations
 55640 | Elf:3    | Entered Level 3 of the Elven Halls
 56113 | Elf:3    | Identified the +12 flail of Honesty {vamp, Fragile rElec
                  | Dex+3}
 56250 | Elf:3    | Learned a level 9 spell: Fire Storm
 56263 | Elf:3    | Acquired a +0 pair of gloves of strength
 57180 | Elf:3    | Identified the ring "Tiqydi" {Ice Int+3}
 57552 | Elf:3    | Identified the +9 scimitar of Attainder {holy, Dex+5}
 57552 | Elf:3    | Identified the +1 ice dragon scales "Gefu" {+Blink rF-
                  | rC++}
 57897 | Elf:3    | Identified the +8 hand axe of Ignis, Brewing {speed, rF-
                  | rC- Dex+10 SInv}
 57897 | Elf:3    | Identified the ring "Yfanom" {*Corrode rElec rPois rN+
                  | Str+2 Int+5}
 58175 | Elf:3    | Identified the ring "Rehocet" {+Blink Fly Int+4}
 58189 | Elf:3    | Identified the ring "Qoisius" {Fly Str+2}
 58779 | Elf:3    | Identified the +1 spear of Perversion {heavy, Str+4}
 58913 | Elf:3    | Got The Penultimate Guide to Thaumaturgy
 58916 | Elf:3    | Identified the +0 helmet "Epheci" {Fly Dex+5 Stlth-}
 58921 | Elf:3    | Identified the +0 cloak of the Trombone {Rampage Will+
                  | Str+2 Dex+3}
 58928 | Elf:3    | Got the Guide on the Wyrd and Pestilence
 59430 | Depths:2 | Reached XP level 22. HP: 117/125 MP: 54/55
 60141 | Depths:2 | Found a one-way gate leading to the halls of Pandemonium.
 60423 | Depths:2 | Noticed a golden dragon
 60427 | Depths:2 | Killed a golden dragon
 61259 | Depths:3 | Noticed a golden dragon
 61260 | Depths:3 | Noticed a caustic shrike
 61262 | Depths:3 | Killed a caustic shrike
 61264 | Depths:3 | Killed a golden dragon
 61266 | Depths:3 | Noticed a juggernaut
 61269 | Depths:3 | Killed a juggernaut
 61272 | Depths:3 | Noticed a caustic shrike
 61276 | Depths:3 | Reached skill level 1 in Staves
 61276 | Depths:3 | Noticed a juggernaut
 61278 | Depths:3 | Killed a caustic shrike
 61280 | Depths:3 | Noticed a caustic shrike
 61284 | Depths:3 | Noticed a juggernaut
 61289 | Depths:3 | Found an ornate altar of the Wu Jian Council.
 61548 | Depths:3 | Killed a caustic shrike
 62000 | Slime:1  | Entered Level 1 of the Pits of Slime
 63422 | Slime:3  | Reached skill level 10 in Transmutations
 63838 | Slime:3  | Reached XP level 23. HP: 122/130 MP: 35/56
 64474 | Slime:4  | Upgraded the game from 0.30-a0-719-gcc4359ea44 to
                  | 0.30-a0-721-ga6a225cb13
 64840 | Slime:5  | Entered Level 5 of the Pits of Slime
 64938 | Slime:5  | Noticed the Royal Jelly
 64942 | Slime:5  | Mangled by a rockslime

Illustrated notes

Levels and vault maps discovered:
D:1:      dpeg_arrival_lava_temple_mockup, layout_rooms,
          hellmonk_ecumenical_altar_pennies_from_heaven
D:2:      layout_loops_ring, uniq_sigmund
D:3:      layout_loops_ring, kennysheep_generic_room_10
D:4:      layout_gridville
D:5:      layout_rooms, minmay_temple_entry_drinking_statues, serial_rivers,
          chequers_serial_rivers_micro_b, chequers_serial_rivers_micro_d,
          chequers_serial_rivers_room_a, chequers_serial_rivers_micro_c,
          chequers_serial_rivers_room_a, kennysheep_generic_room_16
D:6:      layout_basic, grunt_temple_overflow_open,
          minmay_fractal_squares_gapless_5, uniq_menkaure, uniq_prince_ribbit1
D:7:      layout_layer_cave
D:8:      layout_gridville, grunt_lair_entry_orc_guard_hut, grunt_ministairs_14,
          minmay_misc_feat_ornament
D:9:      layout_cave_pools, columned_hall_lemuel, disabler_island
D:10:     layout_gridville, chequers_temple_overflow_statue_of_worship
D:11:     layout_loops_ring, orc_0_dummy, gauntlet_entry_generic, minivault_10,
          nicolae_shop_clearance
D:12:     layout_basic, serial_shops, kennysheep_mini, nicolae_stop_n_shop_2,
          shop, uniq_fannar
D:13:     layout_irregular_city, serial_shops,
          nicolae_shop_bloodbath_and_beyond, uniq_josephine
D:14:     layout_roguey, erik_vaults_2, serial_glass, glass_columns_b,
          glass_columns_b, elyvilon_altar_3
D:15:     gammafunk_depths_entry_grave, layout_irregular_city,
          serial_co_window_serial, co_window_paths_b, co_window_corner_a,
          co_window_of_opportunity_a, co_window_paths_a, co_window_paths_b,
          co_window_broadway_b, co_window_2corner, co_window_unsneaky_path_b,
          co_window_paths_c, co_window_paths_c, glass_columns_a,
          dreamdust_princess_corridor
Temple:   nicolae_temple_bog_church
Lair:1:   gammafunk_indiana_jones, layout_cave_shapes, beast_lair_carwin_2,
          lemuel_fruit_fields, lemuel_fruit_tree
Lair:2:   layout_loops_ring, minmay_swamp_entry_wisps,
          minmay_snake_entry_guardpost_small, grunt_megastairs_5
Lair:3:   layout_big_grid, uniq_nessos, uniq_gastronok
Lair:4:   layout_layer_cave
Lair:5:   gammafunk_lair_ancient_temple, layout_cave_pods,
          nicolae_slime_entry_slimehenge
Swamp:1:  layout_basic_swamp, hangedman_swamp_pad
Swamp:2:  layout_basic_swamp, portal_ice_cave_entry_frozen_things,
          evilmike_swamp_ruin_rubble_2, swamp_pool1, nicolae_swamp_tree_designs,
          uniq_kirke
Swamp:3:  layout_basic_swamp, nicolae_swamp_feature_on_the_river_bank,
          uniq_louise
Swamp:4:  nzn_swamp_witches_coven, layout_basic_swamp,
          ebering_ghost_reflecting_pool
Snake:1:  layout_rooms, serial_bayou_shore_b, uniq_mlioglotl, uniq_aizul,
          uniq_nikola
Snake:2:  layout_misc_corridors, serial_shops, nicolae_shop_hallway_plus,
          minmay_shoptagon, uniq_vashnia
Snake:3:  cheibrodos_forgotten_conduit, layout_onion_interference
Snake:4:  hellmonk_snake_rune_quicksilver_temple, layout_misc_corridors,
          special_room
Slime:1:  layout_caves
Slime:2:  layout_caves
Slime:3:  layout_caves
Slime:4:  layout_caves
Slime:5
Orc:1:    layout_caves, serial_shops, nicolae_lakefront_shop, basic_altar,
          minmay_orc_treasury
Orc:2:    grunt_orc_tribal_feast, layout_caves, serial_shops, bzr_entry_water,
          ebering_ghost_inner_flame
Elf:1:    minmay_elf_arrival_summoners, layout_gridlike, minmay_elf_demonology,
          minmay_shop_grove, uniq_agnes
Elf:2:    nicolae_elf_blades_splatter_lattice [nicolae_blade_lattice],
          layout_gridlike, serial_shops, nicolae_take_the_stairs,
          dreamdust_wishing_well, sword_in_stone
Elf:3:    minmay_elf_hall_curves, layout_loops_corners, fountainhead
Vaults:1: vaults_mumra_bighexcomb, v_pattern_1, ontoclasm_vaults_misaligned,
          ontoclasm_vaults_chip, hangedman_vaults_maws, hangedman_vaults_maws,
          v_misc_14, ontoclasm_vaults_fault, ontoclasm_vaults_pinch,
          hangedman_vaults_slice, layout_vaults_chaotic_city
Vaults:2: ontoclasm_vaults_claustrophobia, hangedman_vaults_nails,
          nicolae_vaults_shelves_hall, st_more_cells, vaults_mumra_minichess,
          vaults_mumra_hexcomb, v_alt_pattern_1, nicolae_vaults_circle_grid_b,
          nicolae_vaults_three_branches, v_misc_3, v_misc_10,
          layout_vaults_omnibox
Vaults:3: st_lattice, nicolae_vaults_gold_heap, v_misc_25,
          minmay_crypt_entry_simple_statues, nicolae_vaults_network_star,
          vaults_dpeg_doors, hangedman_vaults_locks, vaults_room_door_ring,
          v_misc_29, ontoclasm_vaults_shuriken, hangedman_vaults_corner,
          ontoclasm_vaults_gateway, vaults_room_hallway, v_pattern_2,
          layout_vaults_maze, uniq_mara, uniq_margery
Vaults:4: v_rooms_2, hangedman_vaults_corner_blocks, dpeg_vaults_monster_box,
          nicolae_vaults_border_crossing, v_misc_8, vaults_dpeg_cross, v_misc_5,
          v_rooms_3, hangedman_vaults_snaps, v_misc_14,
          nicolae_vaults_little_squares_4, nicolae_vaults_bisected_slash,
          layout_vaults_quadrants
Depths:1: layout_small_grid, enter_ziggurat_e, grunt_mini_vestibule,
          nicolae_qazlal_scattered_showers, lemuel_flamethrower_3,
          nicolae_triple_integral, grunt_megastairs_1
Depths:2: minmay_bloctagon_deflated, layout_long_grid, pan_entry,
          minmay_misc_feat_hallway, hellmouth_3, serial_sigils_hangedman_gut
Depths:3: minmay_complete_graph, layout_basic, minmay_room_of_horrors,
          nicolae_wu_jian_immortal_techniques, hell_entry,
          minmay_staircase_bubble

Skill      XL: |  1  2  3  4  5  6  7  8  9 10 11 12 13 14 15 16 17 18 19 20 21 22 23 |
---------------+----------------------------------------------------------------------+-----
Spellcasting   | 4 5 6 7 8 9 11 13 14 16 19 20 22 23 25 27 | 27.0
Conjurations   | 5 6 7 8 10 11 13 16 18 | 18.8
Fighting       | 1 2 3 4 6 7 9 |  9.7
Ranged Weapons | 1 3 4 |  4.9
Dodging        | 3 4 5 7 8 |  8.7
Evocations     | 2 3 7 |  7.7
Air Magic      | 4 5 |  5.1
Poison Magic   | 4 |  4.1
Fire Magic     | 7 10 12 14 16 17 18 20 21 22 | 22.2
Armour         | 3 4 |  4.4
Ice Magic      | 2 8 10 | 10.5
Transmutations | 6 10 | 10.0
Stealth        | 4 6 |  6.9
Shields        | 7 8 |  8.5
Summonings     | 1 10 | 10.3
Necromancy     | 10 | 10.0
Staves         | 4 |  4.0

Action                     |  1- 3 |  4- 6 |  7- 9 | 10-12 | 13-15 | 16-18 | 19-21 | 22-24 || total
---------------------------+-------+-------+-------+-------+-------+-------+-------+-------++-------
  Melee: Staff             |       |       |     2 |     4 |    23 |     2 |     1 |    10 ||    42
         Short sword       |       |       |       |       |     2 |       |       |       ||     2
         Punch             |       |       |       |       |     1 |       |       |       ||     1
   Cast: Magic Dart        |    71 |    99 |    97 |   131 |    46 |    22 |    84 |     7 ||   557
         Searing Ray       |       |     7 |    62 |    49 |    21 |     8 |       |       ||   147
         Lightning Bolt    |       |       |     2 |    58 |    17 |    18 |    19 |     5 ||   119
         Poisonous Vapours |       |       |       |    11 |     1 |       |       |       ||    12
         Flame Wave        |       |       |       |    10 |     9 |     1 |       |       ||    20
         Fireball          |       |       |       |    54 |   465 |   362 |   282 |    47 ||  1210
         Starburst         |       |       |       |     9 |    31 |    40 |    22 |    15 ||   117
         Orb of Destructio |       |       |       |     4 |     4 |    29 |    27 |    20 ||    84
         Apportation       |       |       |       |       |     2 |     4 |       |       ||     6
         Freezing Cloud    |       |       |       |       |     1 |     1 |     6 |     1 ||     9
         Ozocubu's Refrige |       |       |       |       |     8 |    40 |    22 |     9 ||    79
         Irradiate         |       |       |       |       |     2 |    24 |    28 |    15 ||    69
         Spellforged Servi |       |       |       |       |       |    31 |    63 |    11 ||   105
         Ignition          |       |       |       |       |       |       |    63 |    51 ||   114
         Fire Storm        |       |       |       |       |       |       |    23 |    60 ||    83
Ability: Evoke Invisibilit |       |       |       |     1 |       |       |       |       ||     1
  Evoke: Wand              |       |       |     4 |    10 |     8 |    12 |    34 |     4 ||    72
         Condenser vane    |       |       |       |     1 |       |       |       |       ||     1
    Use: Scroll            |    11 |     2 |     5 |     6 |     7 |    23 |     9 |     8 ||    71
         Potion            |       |       |     2 |     1 |     2 |     2 |     5 |     5 ||    17
 Armour: Robe              |     1 |     1 |     5 |    12 |       |       |       |       ||    19
         Acid dragon scale |       |       |       |     9 |       |       |       |       ||     9
         Leather armour    |       |       |       |     9 |    36 |    37 |    20 |    20 ||   122
  Dodge: Dodged            |     3 |    10 |    45 |    98 |   109 |   106 |   108 |    47 ||   526
  Block: Buckler           |       |       |       |       |       |    66 |    73 |    35 ||   174

Table legend: (Time is in decaauts)
 A = Elapsed time spent in this place.
 B = Non-inter-level travel time spent in this place.
 C = Inter-level travel time spent in this place.
 D = Time resting spent in this place.
 E = Time spent auto-exploring this place.
 F = Levels seen in this place.
 G = Mean time per level.
                   A        B        C        D        E       F      G
               +--------+--------+--------+--------+--------+-----+--------+
         Total |  65437 |  60758 |   4679 |  25922 |  27210 |  49 | 1335.4 |
       Dungeon |  21422 |  19159 |   2263 |   7886 |   9141 |  15 | 1428.1 |
        Temple |    167 |    132 |     35 |      0 |    118 |   1 |  167.0 |
          Lair |   7309 |   6808 |    501 |   2402 |   3748 |   5 | 1461.8 |
         Swamp |   4667 |   4518 |    149 |   1597 |   2380 |   4 | 1166.8 |
     Snake Pit |   3639 |   3484 |    155 |   1158 |   1811 |   4 |  909.8 |
    Slime Pits |   2946 |   2839 |    107 |   1306 |   1189 |   5 |  589.2 |
  Orcish Mines |   2858 |   2584 |    274 |   1240 |   1006 |   2 | 1429.0 |
   Elven Halls |   7578 |   6992 |    586 |   3657 |   2317 |   3 | 2526.0 |
        Vaults |   8329 |   7948 |    381 |   3230 |   3750 |   4 | 2082.2 |
        Depths |   4349 |   4126 |    223 |   2154 |   1472 |   3 | 1449.7 |
        Bazaar |    108 |    108 |      0 |      0 |     55 |   1 |  108.0 |
      Ice Cave |   1479 |   1479 |      0 |   1086 |    208 |   1 | 1479.0 |
      Gauntlet |    581 |    581 |      0 |    206 |     12 |   1 |  581.0 |
               +--------+--------+--------+--------+--------+-----+--------+

Top non-repeatable levels by time:
   Elf:3: 3561 daAuts
Depths:1: 2518 daAuts
     D:6: 2432 daAuts
     D:8: 2272 daAuts
Vaults:1: 2235 daAuts
   Elf:1: 2201 daAuts
Vaults:4: 2145 daAuts
    D:13: 2079 daAuts
Vaults:3: 1996 daAuts
Vaults:2: 1952 daAuts
  Lair:2: 1824 daAuts
   Elf:2: 1815 daAuts
   Orc:2: 1677 daAuts
 Swamp:4: 1650 daAuts
  Lair:1: 1596 daAuts
